 Dungeon Crawl Stone Soup version 0.31.0-9-g3a7656b989 (webtiles) character file.

Game seed: 6197266964059428952

280 qw the Skirmisher (level 6, -5/35 HPs)
             Began as a Deep Elf Hunter on Feb 2, 2024.
             Killed from afar by a white imp (9 damage)
             ... with a puff of frost
             ... on level 5 of the Dungeon.
             The game lasted 00:00:07 (2154 turns).

qw the Skirmisher (Deep Elf Hunter)                 Turns: 2154, Time: 00:00:08

Health: -5/35      AC:  6    Str: 10    XL:     6   Next: 5%
Magic:  8/8        EV: 11    Int: 14    God:
Gold:   123        SH:  0    Dex: 18    Spells: 5/5 levels left

rFire   + . .        a - +0 shortbow
rCold   . . .        (shield currently unavailable)
rNeg    . . .        k - +0 ring mail
rPois   .            (no helmet)
rElec   .            (no cloak)
rCorr   .            e - +0 pair of gloves
SInv    .            (no boots)
Will    .....        (no amulet)
Stlth   +            f - ring of protection from fire
HPRegen 0.25/turn    (no ring)
MPRegen 0.11/turn

%: no passive effects
@: lethally poisoned (-5 -> -8), about to teleport
A: no striking features
a: no special abilities


You were on level 5 of the Dungeon.
You visited 1 branch of the dungeon, and saw 4 of its levels.

You collected 171 gold pieces.
You spent 48 gold pieces at shops.


   Skills:
 - Level 2.0 Fighting
 + Level 9.4 Ranged Weapons
 - Level 2.4 Dodging
 - Level 1.2 Stealth


You had 5 spell levels left.
You didn't know any spells.
Your spell library was empty.

Inventory:

Hand Weapons
 a - a +0 shortbow (weapon)
Armour
 e - a +0 pair of gloves (worn)
 k - a +0 ring mail (worn)
Jewellery
 f - a ring of protection from fire (left hand)
Scrolls
 h - a scroll of teleportation
Potions
 b - a potion of enlightenment
 d - a potion of mutation {unknown}
 g - a potion of heal wounds {unknown}
 i - a potion of haste {unknown}

Dungeon Overview and Level Annotations

Branches:
Dungeon (5/15)
 Temple: D:4-7

Altars:
Xom

Shops:
D:2 [


Message History

As you read the scroll labelled GICZIU TYEME, it crumbles to dust.
You hear a loud clanging noise!
It was a scroll of noise.
Something shouts, "Remove thy stench, thou lily-hearted two-tin-hat tinkerer!"
You hear a shout! x7
What level of the Dungeon? (default 3, ? - help) Sorry, I don't know how to get there.
You are engulfed in poison gas.
You are poisoned.
You feel very sick.
2145 ||| Stepping ~*~*~tactically~*~*~ (cloud).
You feel sick.
You start resting.
You feel sick. x3
A phantom comes into view.
2149 ||| FLEEEEING.
An orc and a white imp come into view.
You are engulfed in poison gas.
You are more poisoned.
You feel very sick.
The white imp shouts!
The white imp gestures at you. The puff of frost hits you.
2150 ||| Stepping ~*~*~tactically~*~*~ (cloud).
You feel very sick.
You shoot an arrow. The arrow hits the white imp!
The white imp is heavily wounded.
You feel very sick.
2152 ||| READING 2 scrolls of teleportation.
As you read the scroll of teleportation, it crumbles to dust.
You feel strangely unstable.
You feel sick.
You shoot an arrow.
The arrow hits the white imp but does no damage.
The white imp is heavily wounded.
You feel sick. The white imp barely misses you.
You shoot an arrow. The arrow hits the white imp.
The white imp is severely wounded.
You feel sick. The white imp gestures at you. The puff of frost hits you!
You die...

.#.#..........##
..
#...¤..##......
#..00...#.......
#...0¤0.....#..#
.....0..0#.####.#
....#0¤0¤### #
.#..###¤..###
#0## ##
#000..#¤0¤0#.
#...@00¤.00o.
..¤0.005¤0¤0###.
####..W0¤00¤#
##0¤¤.[00008
..#0¤¤..0..0.
...0000¤0¤00..
.0..00##.¤000<.
##.00# ¤00.¤0.


You could see a phantom, a white imp and an orc.

Vanquished Creatures
  A scorpion (D:5)
  2 iguanas (D:5)
  A sleepcap (D:5)
  2 orc wizards (D:5)
  5 adders
  A ribbon worm (D:3)
  2 dart slugs (D:1)
  2 orcs (D:5)
  3 ball pythons
  2 endoplasms (D:1)
  A giant cockroach (D:3)
  5 goblins
  6 hobgoblins
  2 kobolds
  2 quokkas (D:2)
  2 bats (D:1)
  2 frilled lizards
  4 rats
45 creatures vanquished.

Notes
Turn   | Place    | Note
-------+----------+-------------------------------------------
     0 | D:1      | qw the Deep Elf Hunter began the quest for the Orb.
     0 | D:1      | Reached XP level 1. HP: 12/12 MP: 3/3
     0 | D:1      | 0 ||| qw: Version: 0.3-a-155-g5e7d8dd
     0 | D:1      | 0 ||| qw: Game counter: 2771
     0 | D:1      | 0 ||| qw: Melee chars always use a shield: true
     0 | D:1      | 0 ||| qw: God list: Okawaru
     0 | D:1      | 0 ||| qw: Allow faded altars: false
     0 | D:1      | 0 ||| qw: Do Orc after clearing Dungeon:15 true
     0 | D:1      | 0 ||| qw: Do second Lair branch before Depths: true
     0 | D:1      | 0 ||| qw: Lair rune preference: random
     0 | D:1      | 0 ||| qw: Goals: Normal
     0 | D:1      | 0 ||| PLANNING D:1-11
    71 | D:1      | Reached XP level 2. HP: 16/16 MP: 4/4
    87 | D:1      | Reached skill level 6 in Ranged Weapons
   200 | D:1      | Found Jimnoarin's General Store.
   886 | D:1      | 886 ||| READING scroll labelled ECEIME VYAWNI.
   887 | D:1      | 887 ||| READING scroll labelled LOBEID MUVUT.
   988 | D:1      | 988 ||| READING scroll labelled OXUTORGHIYF.
   988 | D:1      | 988 ||| ENCHANTING +0 shortbow.
   989 | D:1      | 989 ||| READING scroll labelled DOZOHUI HUECS.
   990 | D:1      | 990 ||| DROPPING scroll of butterflies.
  1054 | D:2      | 1054 ||| FLEEEEING.
  1055 | D:2      | 1055 ||| FLEEEEING.
  1056 | D:2      | 1056 ||| FLEEEEING.
  1058 | D:2      | 1058 ||| FLEEEEING.
  1106 | D:2      | Reached XP level 3. HP: 20/20 MP: 5/5
  1278 | D:2      | Reached skill level 7 in Ranged Weapons
  1323 | D:2      | Found Hava's Armour Shop.
  1333 | D:2      | 1333 ||| BUYING +0 ring mail (48 gold).
  1333 | D:2      | Bought a +0 ring mail for 48 gold pieces
  1333 | D:2      | 1333 ||| SHOPLISTING +0 swamp dragon scales of Eternity
                  | {rPois Will+} (751 gold, have 57).
  1333 | D:2      | 1333 ||| SHOPLISTING +1 ring mail of poison resistance (156
                  | gold, have 57).
  1333 | D:2      | 1333 ||| SHOPLISTING +3 scale mail of Philately {rElec
                  | Str+5} (522 gold, have 57).
  1634 | D:2      | 1634 ||| UPGRADING to +0 ring mail.
  1644 | D:2      | 1644 ||| DROPPING +0 leather armour.
  1645 | D:2      | 1645 ||| DROPPING +6 ring of intelligence.
  1646 | D:2      | 1646 ||| UPGRADING to ring of protection from fire.
  1647 | D:2      | 1647 ||| READING 2 scrolls labelled YTTAMU RIF ENG.
  1650 | D:2      | 1650 ||| READING scroll labelled QIMOS ACUILL.
  1650 | D:2      | 1650 ||| IDENTIFYING fizzy grey potion
  1651 | D:2      | 1651 ||| DRINKING 2 fizzy white potions.
  1652 | D:2      | 1652 ||| DRINKING 2 coppery potions.
  1653 | D:2      | 1653 ||| DROPPING potion of invisibility.
  1654 | D:2      | 1654 ||| DROPPING potion of attraction.
  1726 | D:3      | Reached XP level 4. HP: 25/25 MP: 6/6
  1817 | D:3      | Found a shimmering altar of Xom.
  1890 | D:3      | Identified the +0 chain mail "Gagibrix" {Regen+}
  1977 | D:3      | You fall into a shaft and drop 2 floors!
  1977 | D:5      | Entered Level 5 of the Dungeon
  1993 | D:5      | Noticed a scorpion
  2001 | D:5      | Killed a scorpion
  2002 | D:5      | Reached skill level 8 in Ranged Weapons
  2046 | D:5      | Reached XP level 5. HP: 23/29 MP: 7/7
  2094 | D:5      | Reached skill level 9 in Ranged Weapons
  2124 | D:5      | Reached XP level 6. HP: 32/35 MP: 8/8
  2137 | D:5      | 2137 ||| UPGRADING to +0 pair of gloves.
  2142 | D:5      | 2142 ||| READING scroll labelled DAKLAFAMIG.
  2143 | D:5      | 2143 ||| READING scroll labelled GICZIU TYEME.
  2145 | D:5      | 2145 ||| Stepping ~*~*~tactically~*~*~ (cloud).
  2149 | D:5      | 2149 ||| FLEEEEING.
  2150 | D:5      | 2150 ||| Stepping ~*~*~tactically~*~*~ (cloud).
  2151 | D:5      | HP: 8/35 [poisoned by you (poison gas)]
  2152 | D:5      | 2152 ||| READING 2 scrolls of teleportation.
  2154 | D:5      | Killed from afar by a white imp

Levels and vault maps discovered:
D:1:      lightli_arrival_quake, layout_basic, serial_shops, shop
D:2:      layout_basic, serial_shops, shop
D:3:      layout_basic, regret_index_xom_buried_treasure, minmay_splitting_lines
D:5:      layout_cave_pools, minmay_temple_entry_drinking_statues

Skill      XL: |  1  2  3  4  5 |
---------------+----------------+-----
Ranged Weapons | 6 7 8 9 |  9.4
Fighting       | 2 |  2.0
Dodging        | |  2.4
Stealth        | |  1.2

Action                     |  1- 3 |  4- 6 || total
---------------------------+-------+-------++-------
   Fire: Shortbow          |    93 |    57 ||   150
    Use: Scroll            |     6 |     3 ||     9
         Potion            |     2 |       ||     2
 Armour: Leather armour    |    11 |       ||    11
         Ring mail         |     3 |    10 ||    13
  Dodge: Dodged            |    11 |    10 ||    21

Table legend:
 A = Non-vault XP
 B = Vault XP
 C = Vault XP percentage of total XP
 D = Non-vault monster count
 E = Vault monster count
 F = Vault count percentage of total count
                 A         B        C        D         E       F
            +---------+---------+-------+---------+---------+-------
      Total |     401 |       0 |   0.0 |      45 |       0 |   0.0
            +---------+---------+-------+---------+---------+-------
        D:1 |      35 |       0 |   0.0 |      18 |       0 |   0.0
        D:2 |      55 |       0 |   0.0 |      12 |       0 |   0.0
        D:3 |      25 |       0 |   0.0 |       6 |       0 |   0.0
        D:5 |     286 |       0 |   0.0 |       9 |       0 |   0.0
            +---------+---------+-------+---------+---------+-------
